 Dungeon Crawl Stone Soup version 0.26.0-91-g99b343417d (webtiles) character file.

Game seed: 12761907259962682531

249 DasRunzen the Poker (level 5, 0/41 HPs)
             Began as a Demonspawn Gladiator on Feb 3, 2021.
             Was an Initiate of Okawaru.
             Killed from afar by Sigmund (9 damage)
             ... with a puff of flame
             ... on level 3 of the Dungeon.
             The game lasted 00:06:47 (3605 turns).

DasRunzen the Poker (Demonspawn Gladiator)          Turns: 3605, Time: 00:06:47

Health: 0/41       AC:  4    Str: 14    XL:     5   Next: 86%
Magic:  7/7        EV: 13    Int: 10    God:    Okawaru [......]
Gold:   207        SH:  0    Dex: 15    Spells: 6/6 levels left

rFire    . . .     SeeInvis .   a - +1 trident
rCold    . . .     Faith    .   (no shield)
rNeg     . . .     Spirit   .   e - +3 leather armour {Will+}
rPois    .         Reflect  .   i - +1 helmet
rElec    .         Harm     .   (no cloak)
rCorr    .         Rampage  .   (no gloves)
Will     +....                  (no boots)
Stlth    +.........             (no amulet)
HPRegen  0.13/turn              h - -4 ring of protection (curse)
MPRegen  0.10/turn              g - ring of wizardry

@: no status effects
A: hooves 1, spiny 1, evolution 1
a: Renounce Religion


You were on level 3 of the Dungeon.
You worshipped Okawaru.
Okawaru was noncommittal.
You visited 1 branch of the dungeon, and saw 3 of its levels.

You collected 207 gold pieces.

Inventory:

Hand Weapons
 a - a +1 trident (weapon)
Missiles
 d - 4 throwing nets (quivered)
Armour
 e - a +3 leather armour of willpower (worn)
 i - a +1 helmet (worn)
Jewellery
 g - a ring of wizardry (right hand)
 h - a cursed -4 ring of protection (left hand)
 n - a +4 ring of protection
Scrolls
 l - 5 scrolls of teleportation
Potions
 b - 3 potions of heal wounds
 c - a potion of brilliance
 f - a potion of haste
 j - 2 potions of attraction
 k - 2 potions of curing
 m - a potion of invisibility {unknown}
 o - a potion of degeneration {unknown}
 p - a potion of lignification {unknown}


   Skills:
 + Level 3.2 Fighting
 + Level 3.6 Polearms
 - Level 1.7 Throwing
 + Level 2.0 Armour
 + Level 3.5 Dodging
 + Level 1.4 Spellcasting
 + Level 2.1 Invocations


You had 6 spell levels left.
You didn't know any spells.
Your spell library was empty.

Dungeon Overview and Level Annotations

Branches:
Dungeon (3/15)

Altars:
Okawaru
Xom

Annotations:
D:3 Sigmund


Innate Abilities, Weirdness & Mutations

You have large cloven feet.
You are partially covered in sharp spines.
You evolve.


Message History

You hit something but do no damage. You hit something but do no damage.
You kick something. Something hits you!
You miss something.
You hear some strange, mumbled words.
A magic dart appears from out of thin air!
The magic dart hits you.
You puncture something! Your kick misses something.
Something hits you but does no damage.
You hit something. Something hits you!
* * * LOW HITPOINT WARNING * * *
You feel much better.
You hit something. Your kick misses something.
Something hits you but does no damage.
You miss something. Something hits you!
* * * LOW HITPOINT WARNING * * *
You miss something. You kick something.
You hear some strange, mumbled words.
A puff of flame appears from out of thin air!
The puff of flame hits you!
You die...

# #.## ###....## ####. # #..#
####.....## #..() #
##.###.......## #.##. ##
#..#......### #.##. .#
##.#....### #.#.. .#
#...######### ##### #)#.# .#
#...# #....######...# #....
.####.).####....#....#...####....
...............{@....'.....>[<...
................#....#.....######
....###.##.)....#....###...#.....
....# #..#..#####....##.......###
...## ##.#$.# #....##.......#
.>.#####.#..# #....##.......#
†...........# #######.......#
#†..........# #.......#
.##.....#...# #.......#


There were no monsters in sight!

Vanquished Creatures
  An orc priest (D:3)
  A hound (D:3)
  An orc wizard (D:3)
  Jessica (D:2)
  Robin (D:2)
  3 adders (D:2)
  A shadow imp (D:2)
  2 worms (D:2)
  A leopard gecko (D:1)
  7 orcs
  3 giant cockroaches
  16 goblins
  8 hobgoblins
  4 jackals
  A ball python (D:2)
  7 bats
  3 frilled lizards
  4 kobolds (D:1)
  A leopard gecko skeleton (D:2)
  11 rats
77 creatures vanquished.

Notes
Turn   | Place    | Note
-------+----------+-------------------------------------------
     0 | D:1      | DasRunzen the Demonspawn Gladiator began the quest for the
                  | Orb.
     0 | D:1      | Reached XP level 1. HP: 16/16 MP: 1/1
   119 | D:1      | Gained mutation: You are partially covered in sharp spines.
                  | [demonic ancestry]
   119 | D:1      | Reached XP level 2. HP: 15/22 MP: 2/2
   968 | D:2      | Reached skill level 1 in Armour
   968 | D:2      | Gained mutation: You have large cloven feet. [demonic
                  | ancestry]
   968 | D:2      | Reached XP level 3. HP: 28/28 MP: 3/3
   977 | D:2      | Found an iron altar of Okawaru.
   985 | D:2      | Became a worshipper of Warmaster Okawaru
  1120 | D:2      | Noticed Jessica
  1141 | D:2      | Killed Jessica
  1142 | D:2      | Reached skill level 1 in Invocations
  1142 | D:2      | Reached XP level 4. HP: 32/34 MP: 4/4
  1177 | D:2      | Noticed Robin
  1198 | D:2      | Killed Robin
  1676 | D:2      | Found a shimmering altar of Xom.
  2029 | D:2      | Reached skill level 1 in Spellcasting
  2029 | D:2      | Reached XP level 5. HP: 29/41 MP: 6/6
  2339 | D:3      | Noticed Sigmund
  2878 | D:3      | Gained mutation: You evolve. [potion of mutation]
  2878 | D:3      | Gained mutation: You are agile. (Dex +2) [potion of
                  | mutation]
  3250 | D:3      | Lost mutation: You are agile. (Dex +2) [evolution]
  3605 | D:3      | Killed from afar by Sigmund

Illustrated notes

Levels and vault maps discovered:
D:1:      giann_horns, layout_basic
D:2:      layout_basic, lemuel_round_altar, tgw_xom, uniq_robin, uniq_jessica
D:3:      layout_basic, pdpol_wu_jian_five_deadly_venoms, serial_curves,
          eino_curves_01, eino_curves_03, uniq_sigmund

Skill      XL: |  1  2  3  4  5 |
---------------+----------------+-----
Polearms       | 3 |  3.6
Armour         | 1 2 |  2.0
Dodging        | 3 |  3.5
Invocations    | 1 2 |  2.1
Fighting       | 3 |  3.2
Spellcasting   | 1 |  1.4
Throwing       | |  1.7

Action                   |  1- 3 |  4- 6 || total
-------------------------+-------+-------++-------
Melee: Trident           |    79 |   117 ||   196
       Kick              |     6 |    19 ||    25
  Use: Scroll            |     5 |     8 ||    13
       Potion            |       |     2 ||     2
 Stab: Sleeping          |     1 |     1 ||     2
Armor: Leather armour    |    20 |    14 ||    34
Dodge: Dodged            |    37 |    44 ||    81
